 Dungeon Crawl Stone Soup version 0.26-a0-682-g294304f6e8 (webtiles) character file.

Game seed: 1277380436782843583

338 Kinoniko the Poker (level 6, -1/51 HPs)
             Began as a Draconian Fighter on Oct 20, 2020.
             Slain by an iguana (12 damage)
             ... on level 4 of the Dungeon.
             The game lasted 00:03:35 (2622 turns).

Kinoniko the Poker (Draconian Fighter)              Turns: 2622, Time: 00:03:36

Health: -1/51      AC:  7    Str: 19    XL:     6   Next: 29%
Magic:  6/6        EV: 13    Int: 10    God:
Gold:   143        SH:  5    Dex: 12    Spells: 5/5 levels left

rFire    . . .     SeeInvis .   a - +0 trident
rCold    . . .     Faith    .   h - +0 buckler
rNeg     . . .     Spirit   .   (armour unavailable)
rPois    .         Reflect  .   (helmet restricted)
rElec    .         Harm     .   (no cloak)
rCorr    .         Rampage  .   (no gloves)
MR       .....                  k - +0 pair of boots
Stlth    ++........             (no amulet)
HPRegen  0.17/turn              (no ring)
MPRegen  0.10/turn              (no ring)

@: hasted, very quick
A: unfitting armour, clever 1, evolution 1, cold-blooded, AC +6
a: no special abilities


You were on level 4 of the Dungeon.
You visited 1 branch of the dungeon, and saw 4 of its levels.

You collected 143 gold pieces.

Inventory:

Hand Weapons
 a - a +0 trident (weapon)
Armour
 b - a +0 kite shield
 h - a +0 buckler (worn)
 k - a +0 pair of boots (worn)
Jewellery
 d - an uncursed ring of ice {unknown}
Scrolls
 g - 4 scrolls of identify {unknown}
 j - 3 scrolls of remove curse {unknown}
 l - 2 scrolls of enchant weapon {unknown}
 m - 2 scrolls of enchant armour {unknown}
 n - 2 scrolls of teleportation {unknown}
 o - a scroll of blinking {unknown}


   Skills:
 - Level 3.2 Fighting
 * Level 5.9 Polearms
 - Level 2.6 Dodging
 - Level 1.1 Stealth
 - Level 4.1 Shields


You had 5 spell levels left.
You didn't know any spells.
Your spell library was empty.

Dungeon Overview and Level Annotations

Branches:
Dungeon (4/15)
 Temple: D:4-7

Altars:
Makhleb
Qazlal

Annotations:
D:3 2 transporters, dracos369's ghost, amateur OgHu


Innate Abilities, Weirdness & Mutations

Your plain brown scales are hard. (AC +6)
You cannot fit into any form of body armour.
You are cold-blooded and may be slowed by cold attacks.
Your mind is acute. (Int +2)
You evolve.


Message History

The orc hits you but does no damage. The iguana bites you.
The worker ant bites you but does no damage.
You puncture the worker ant!
You kill the worker ant!
The orc misses you. You block the orc's attack.
Things that are here:
a +0 hand axe; an orc corpse You hit the iguana but do no damage.
The orc closely misses you. The iguana bites you!
The orc hits you with a +0 club.
You hit the iguana but do no damage. You hit the iguana but do no damage.
You tail-slap the iguana.
The iguana is lightly wounded.
The iguana bites you!
* * * LOW HITPOINT WARNING * * *
You block the orc's attack. The orc barely misses you.
You completely miss the iguana.
The iguana is lightly wounded.
The iguana bites you!
You die...

.....######......... #
................## #..#
##.....####......## #....
##...## #.......#....#
##.## #.......#....## #.#
##.......#)..... # +#.#+
#............$.#
###...###.......:........
....8...........@o#..####
###...###......ool#...# #
+#.#+ ##.........?.....
#.# ##.......#..#### #.#
#.......#.... ...
#......## ...# ..
#....... ##... ....
..###### ##. ##.. #.


You could see an iguana, an orc wizard (fast) and 2 orcs.

Vanquished Creatures
  A vampire bat (D:3)
  An orc priest (D:4)
  Jessica (D:3)
  2 worker ants (D:4)
  4 adders
  An ooze (D:3)
  A worm (D:3)
  5 dart slugs
  3 fire bats (D:3)
  A leopard gecko (D:4)
  3 orcs
  2 spectral bats (D:3)
  3 bat skeletons (D:3)
  A bat zombie (D:3)
  6 giant cockroaches
  6 goblins
  5 hobgoblins
  3 jackals (D:1)
  4 kobolds
  2 quokkas
  3 ball pythons
  13 bats
  A bat simulacrum (D:3)
  4 rats
76 creatures vanquished.

Notes
Turn   | Place    | Note
-------+----------+-------------------------------------------
     0 | D:1      | Kinoniko the Draconian Fighter began the quest for the Orb.
     0 | D:1      | Reached XP level 1. HP: 19/19 MP: 1/1
   336 | D:1      | Reached XP level 2. HP: 26/26 MP: 2/2
  1004 | D:2      | Reached XP level 3. HP: 28/31 MP: 3/3
  1230 | D:2      | Reached skill level 3 in Polearms
  1257 | D:2      | Found a stormy altar of Qazlal.
  1604 | D:3      | Reached XP level 4. HP: 36/38 MP: 4/4
  1634 | D:3      | Found a transporter.
  1636 | D:3      | Noticed dracos369's ghost (amateur OgHu)
  1637 | D:3      | Found a transporter.
  1742 | D:3      | Found a burning altar of Makhleb.
  1750 | D:3      | Noticed Jessica
  1760 | D:3      | Killed Jessica
  1760 | D:3      | Reached skill level 4 in Polearms
  1947 | D:3      | Reached XP level 5. HP: 22/45 MP: 5/5
  2182 | D:3      | Reached skill level 5 in Polearms
  2182 | D:3      | Reached skill level 1 in Stealth
  2538 | D:4      | Reached XP level 6. HP: 43/51 MP: 6/6
  2606 | D:4      | Gained mutation: You evolve. [potion of mutation]
  2606 | D:4      | Gained mutation: Your mind is acute. (Int +2) [potion of
                  | mutation]
  2622 | D:4      | Slain by an iguana

Illustrated notes

Levels and vault maps discovered:
D:1:      dpeg_arrival_houses_and_road, layout_loops_corners,
          hangedman_decor_points, serial_bayou_pond_c, minmay_stone_trees_small
D:2:      layout_loops_cross, lemuel_crystal_altar
D:3:      layout_rooms, bloody_makhleb, gammafunk_ghost_arena, goddamned_bats,
          uniq_jessica
D:4:      cheibrodos_barr_body, layout_rooms, minmay_temple_entry_mist,
          serial_shops, nicolae_shop_stone

Skill      XL: |  1  2  3  4  5 |
---------------+----------------+-----
Polearms       | 3 4 5 |  5.9
Shields        | 4 |  4.1
Stealth        | 1 |  1.1
Fighting       | |  3.2
Dodging        | |  2.6

Action                   |  1- 3 |  4- 6 || total
-------------------------+-------+-------++-------
Melee: Trident           |    85 |   151 ||   236
       Tailslap          |     8 |    15 ||    23
  Use: Potion            |       |     5 ||     5
 Stab: Sleeping          |     3 |     2 ||     5
Armor: Skin              |    16 |    79 ||    95
Dodge: Dodged            |    33 |   128 ||   161
Block: Kite shield       |    14 |       ||    14
       Buckler           |    12 |    55 ||    67

Table legend: (Time is in decaauts)
 A = Elapsed time spent in this place.
 B = Non-inter-level travel time spent in this place.
 C = Inter-level travel time spent in this place.
 D = Time resting spent in this place.
 E = Time spent auto-exploring this place.
 F = Levels seen in this place.
 G = Mean time per level.
                   A        B        C        D        E       F      G
               +--------+--------+--------+--------+--------+-----+--------+
         Total |   2651 |   2597 |     54 |    337 |   1823 |   4 |  662.8 |
       Dungeon |   2651 |   2597 |     54 |    337 |   1823 |   4 |  662.8 |
               +--------+--------+--------+--------+--------+-----+--------+

Top non-repeatable levels by time:
     D:3: 961 daAuts
     D:1: 917 daAuts
     D:2: 650 daAuts
     D:4: 122 daAuts
